Map: Blueshift LE

Players

Yocto - Winner!

  • Race: Zerg Zerg
  • League: Platinum
  • Spawn Location: 7:00

eks

  • Race: Protoss Protoss
  • League: Diamond
  • Spawn Location: 1:00

VOD

Have the link to the VOD?

Description

Time

  • Played on: Dec. 23, 2018, 3:16 a.m.
  • Length: 21:26
Show
View Real Time Build Order
Export as new Build Order

Yocto Zerg - Winner!

Build Orders: Pool First, Lurkers 

Get SALT Encoding   

  12  0:01  Drone  
  13  0:13  Overlord  
  13  0:18  Drone  
  14  0:33  Drone x2  
  16  0:36  Drone  
  17  1:00  Spawning Pool  
  17  1:01  Drone  
  17  1:03  Extractor  
  16  1:05  Drone  
  17  1:23  Hatchery  
  16  1:47  Zergling x6  
  16  1:48  Queen  
  21  1:59  Zergling x2  
  22  2:09  Overlord  
  22  2:19  Metabolic Boost  
  22  2:30  Queen  
  24  2:45  Drone x2  
  24  2:46  Drone x2  
  26  2:58  Drone x2  
  26  2:59  Drone x3  
  26  3:05  Drone  
  32  3:08  Overlord  
  31  3:28  Hatchery  
  31  3:32  Queen  
  31  3:35  Queen  
  31  3:40  Drone  
  34  3:44  Zergling x2  
  34  3:46  Overlord  
  35  3:55  Drone x4  
  39  4:03  Overlord  
  39  4:06  Drone x3  
  42  4:20  Drone x2  
  42  4:21  Drone x5  
  49  4:28  Extractor  
  49  4:29  Extractor, Evolution Chamber  
  46  4:43  Drone  
  46  4:44  Extractor, Drone x3  
  49  4:47  Drone x2  
  49  4:50  Lair  
  51  5:01  Evolution Chamber  
  51  5:05  Drone  
  51  5:06  Queen, Drone  
  54  5:26  Drone x5  
  54  5:27  Drone x7  
  66  5:29  Overlord x3  
  66  5:40  Overlord x3  
  66  5:51  Hydralisk Den  
  66  5:54  Zerg Missile Weapons Level 1, Zerg Ground Armor Level 1  
  65  5:59  Extractor  
  65  6:01  Extractor, Drone x2  
  65  6:02  Drone  
  66  6:04  Drone x3  
  66  6:07  Drone x2  
  66  6:08  Drone  
  66  6:09  Spore Crawler  
  71  6:12  Spore Crawler  
  71  6:14  Spore Crawler  
  69  6:22  Drone x2  
  69  6:23  Drone x3  
  74  6:32  Zergling x10  
  79  6:33  Zergling x4  
  81  6:46  Hydralisk x2  
  81  6:47  Hydralisk x2  
  88  6:57  Overlord  
  88  6:58  Overlord x3  
  88  7:10  Muscular Augments  
  88  7:20  Drone  
  88  7:21  Drone  
  88  7:22  Lurker Den, Overseer  
  89  7:24  Hydralisk  
  89  7:25  Hydralisk x8  
  107  7:36  Hydralisk  
  107  7:37  Hydralisk x2  
  113  7:44  Hatchery  
  113  7:50  Overlord x2  
  113  7:51  Overlord x4  
  112  8:01  Overlord x2  
  112  8:04  Hydralisk x5  
  122  8:16  Zerg Missile Weapons Level 2  
  122  8:17  Zerg Ground Armor Level 2  
  122  8:18  Hydralisk x2  
  122  8:19  Hydralisk  
  128  8:28  Hydralisk x3  
  128  8:29  Hydralisk  
  121  8:52  Hydralisk x2  
  121  8:53  Hydralisk x8  
  137  9:00  Hydralisk x2  
  141  9:13  Lurker x5  
  141  9:14  Lurker x2  
  141  9:16  Zergling x2  
  141  9:17  Zergling x14  
  151  9:18  Zergling x2  
  157  9:29  Grooved Spines, Infestation Pit  
  156  9:33  Queen  
  158  9:46  Overseer  
  158  9:56  Baneling Nest  
  158  9:57  Drone x3  
  158  9:58  Drone x6  
  138  10:38  Roach Warren  
  96  10:56  Hive  
  96  11:10  Overlord x2  
  96  11:11  Overlord x2  
  96  11:19  Extractor  
  96  11:20  Extractor  
  96  11:25  Glial Reconstitution  
  94  11:26  Roach  
  94  11:27  Roach x16  
  94  11:28  Roach x5  
  138  11:35  Hydralisk  
  138  11:36  Hydralisk x8  
  156  11:43  Spire  
  155  11:48  Drone  
  155  11:50  Drone x3  
  155  11:54  Drone x3  
  162  12:15  Viper x3  
  165  12:16  Viper  
  165  12:17  Viper  
  177  12:27  Zerg Missile Weapons Level 3  
  177  12:29  Zerg Ground Armor Level 3  
  177  13:02  Corruptor x6  
  177  13:03  Corruptor  
  191  13:07  Zergling x14  
  191  13:08  Zergling x4  
  200  13:29  Ultralisk Cavern  
  199  14:01  Baneling Nest  
  112  14:34  Roach  
  112  14:35  Roach x15  
  112  14:36  Roach x14  
  149  14:45  Corruptor  
  145  14:49  Corruptor x3  
  151  15:03  Viper x5  
  166  15:41  Hatchery  
  165  15:48  Corruptor x7  
  165  15:49  Corruptor  
  181  15:53  Roach x6  
  181  15:54  Roach x3  
  199  16:25  Extractor  
  198  16:29  Extractor  
  197  16:38  Zergling x6  
  134  17:13  Roach  
  134  17:14  Roach x24  
  178  17:48  Roach x5  
  178  17:49  Roach x6  
  200  18:09  Chitinous Plating  
  200  18:30  Zerg Flyer Weapons Level 1  
  200  18:45  Hatchery  
  200  18:46  Extractor  
  200  18:47  Extractor  
  176  18:56  Unknown  
  176  18:58  Unknown  
  151  19:08  Roach  
  151  19:09  Roach x16  
  191  19:10  Roach x7  
  185  19:20  Roach  
  185  19:21  Roach x2  
  177  19:32  Queen  
  177  19:43  Roach  
  177  19:44  Roach x11  
  195  19:56  Corruptor x2  
  195  19:58  Drone  
  194  20:24  Corruptor  
  194  20:25  Corruptor x6  
  196  20:36  Hydralisk x2  
  198  20:54  Corruptor x4  
Show
View Real Time Build Order
Export as new Build Order

eks Protoss 

Build Orders:  

Get SALT Encoding   

  1  0:00  Probe  
  12  0:05  Probe  
  14  0:20  Pylon  
  14  0:21  Probe  
  15  0:38  Probe  
  16  0:50  Probe  
  17  1:07  Nexus  
  17  1:12  Gateway  
  17  1:20  Pylon  
  17  1:23  Assimilator  
  17  1:27  Probe  
  17  1:30  Assimilator  
  18  1:35  Probe  
  19  1:48  Probe  
  20  2:03  Probe  
  20  2:07  Cybernetics Core  
  21  2:11  Probe  
  22  2:18  Zealot  
  22  2:21  Forge  
  22  2:25  Pylon  
  24  2:31  Probe x2  
  25  2:54  Pylon  
  25  2:55  Photon Cannon, Zealot  
  25  3:04  Shield Battery  
  25  3:13  Photon Cannon  
  25  3:14  Zealot  
  25  3:15  Probe  
  26  3:26  Probe  
  29  3:28  Probe  
  29  3:36  Assimilator  
  29  3:38  Probe  
  29  3:40  Probe, Assimilator  
  31  3:50  Probe  
  31  3:54  Pylon  
  32  3:57  Protoss Ground Weapons Level 1  
  32  4:00  Probe  
  32  4:02  Warp Gate  
  32  4:03  Probe  
  32  4:08  Probe  
  34  4:15  Stargate, Probe  
  36  4:25  Robotics Facility  
  36  4:26  Probe  
  36  4:30  Sentry  
  36  4:31  Probe  
  40  4:36  Probe  
  40  4:41  Pylon  
  40  4:42  Probe  
  40  4:44  Probe  
  42  4:50  Probe  
  43  4:53  Probe  
  43  4:54  Phoenix  
  43  4:58  Probe  
  47  5:05  Probe  
  49  5:08  Gateway  
  49  5:10  Probe  
  49  5:13  Void Ray  
  50  5:19  Probe  
  51  5:22  Probe  
  51  5:27  Observer  
  57  5:32  Robotics Bay  
  57  5:36  Gateway  
  57  5:49  Void Ray  
  57  5:55  Gateway  
  61  6:01  Immortal  
  65  6:33  Void Ray  
  69  7:10  Protoss Ground Armor Level 1  
  67  7:29  Protoss Air Weapons Level 1, Pylon  
  67  7:31  Pylon  
  67  7:37  Colossus  
  67  7:47  Void Ray  
  67  7:48  Nexus  
  67  7:49  Pylon  
  77  7:52  Pylon  
  77  7:56  Assimilator  
  77  7:59  Assimilator  
  77  8:00  Extended Thermal Lance  
  77  8:01  Robotics Facility  
  77  8:06  Stalker  
  77  8:07  Stalker x2  
  77  8:08  Stalker  
  85  8:17  Gateway, Twilight Council  
  85  8:20  Gateway  
  85  8:28  Pylon  
  85  8:32  Pylon  
  85  8:35  Pylon  
  85  9:04  Protoss Shields Level 1  
  85  9:05  Void Ray  
  85  9:06  Nexus  
  85  9:07  Pylon  
  89  9:14  Colossus x2  
  101  9:24  Pylon  
  102  9:31  Probe x2  
  103  9:38  Shield Battery  
  103  9:39  Shield Battery  
  103  9:40  Shield Battery  
  103  9:43  Probe x2  
  105  9:49  Shield Battery  
  105  9:50  Pylon  
  105  9:52  Photon Cannon  
  105  9:54  Observer  
  105  9:59  Photon Cannon  
  105  10:01  Photon Cannon  
  105  10:03  Photon Cannon  
  105  10:08  Observer x2, Photon Cannon  
  105  10:11  Photon Cannon  
  89  10:29  Observer  
  89  10:30  Observer, Stalker x4  
  89  10:31  Stalker x2  
  91  10:54  Probe  
  91  10:55  Probe  
  91  10:57  Probe  
  91  11:00  Void Ray  
  91  11:02  Colossus, Immortal  
  106  11:06  Charge, Probe  
  106  11:07  Probe  
  108  11:19  Templar Archives  
  108  11:26  Shield Battery  
  108  11:27  Shield Battery  
  108  11:28  Photon Cannon  
  108  11:30  Pylon  
  108  11:34  Pylon  
  108  11:56  Probe x3  
  108  11:57  Psionic Storm  
  108  12:00  Assimilator  
  111  12:02  Assimilator  
  111  12:05  Photon Cannon  
  111  12:08  Immortal  
  111  12:09  Immortal  
  111  12:12  Photon Cannon  
  119  12:15  High Templar  
  119  12:16  High Templar x3  
  119  12:17  High Templar  
  129  12:25  Archon  
  129  12:33  Zealot  
  129  12:35  Probe x3  
  134  12:44  Photon Cannon  
  134  12:46  Photon Cannon  
  134  12:47  Probe  
  134  12:50  Protoss Air Armor Level 1, Shield Battery  
  135  12:52  Shield Battery  
  135  12:54  Photon Cannon  
  135  12:56  Immortal  
  139  13:03  Observer, Protoss Shields Level 2  
  140  13:20  Photon Cannon  
  140  13:28  Observer  
  141  13:41  Fleet Beacon  
  141  13:44  Photon Cannon  
  141  13:47  Photon Cannon  
  135  14:29  Archon  
  99  14:46  Colossus  
  99  14:47  Immortal  
  99  14:49  Tempest  
  114  15:07  Stargate  
  114  15:08  Stargate  
  114  15:14  High Templar x4  
  122  15:31  Nexus  
  122  15:32  Pylon  
  122  15:34  Pylon  
  122  15:35  Pylon  
  122  15:38  Pylon  
  122  15:43  Tempest x3, Stalker x2  
  141  16:08  Shield Battery x2  
  141  16:10  Shield Battery  
  141  16:12  Shield Battery  
  141  16:15  Photon Cannon x2  
  141  16:17  Photon Cannon  
  141  16:19  Photon Cannon  
  141  16:20  Photon Cannon  
  141  16:24  Pylon  
  141  16:25  Void Ray, Assimilator  
  141  16:31  Assimilator  
  145  16:34  Immortal  
  149  16:44  Stalker x2  
  147  17:00  Archon  
  87  17:14  Stalker x3  
  87  17:15  Stalker x2  
  95  17:16  Stalker  
  95  17:20  Tempest  
  95  17:21  Tempest  
  109  17:43  Tempest  
  114  18:03  Tempest x2  
  114  18:04  Protoss Air Weapons Level 2  
  124  18:15  Photon Cannon  
  124  18:17  Observer  
  124  18:18  Photon Cannon  
  124  18:21  Photon Cannon  
  124  18:25  Tempest  
  129  18:46  Tempest  
  93  19:12  Stalker  
  93  19:13  Stalker x5  
  95  19:21  Immortal x2  
  59  19:55  Tempest x2  
  73  20:25  Tempest  
  73  20:26  Zealot x3  
  73  20:27  Zealot x2  
  74  20:36  Tempest x2  
Tags
 
Composition
Lurkers
Matchup
PvZ
Opening
Pool First
Replay Pack
Yocto
Spawn Locations
Cross Positions
Add a new tag
Caveats
  • Supply blocks, unpowered buildings, or Contaminate may cause inaccurate times.
  • Supply counts are checked every 10 seconds.